 Dungeon Crawl Stone Soup version 0.27-a0-1200-g94dc6ad4cf (webtiles) character file.

Game seed: 10977488058856258791

121 Froggeryz the Ruffian (level 4, -6/35 HPs)
             Began as a Mummy Chaos Knight on May 30, 2021.
             Was a Plaything of Xom.
             Mangled by a wight
             ... wielding a +2 hand axe
              (7 damage)
             ... on level 3 of the Dungeon.
             The game lasted 00:03:07 (2604 turns).

Froggeryz the Ruffian (Mummy Chaos Knight)          Turns: 2604, Time: 00:03:08

Health: -6/35      AC:  8    Str: 16    XL:     4   Next: 77%
Magic:  4/4        EV: 11    Int: 11    God:    Xom [......]
Gold:   82         SH:  0    Dex: 11    Spells: 3/3 levels left

rFire    x . .     SeeInvis .     - Unarmed
rCold    + . .     Faith    .   (no shield)
rNeg     + + +     Spirit   .   a - +2 leather armour
rPois    ∞         Reflect  .   f - +2 hat
rElec    .         Harm     .   (no cloak)
rCorr    .         Rampage  .   b - +0 pair of gloves
Will     .....                  (no boots)
Stlth    +.........             (no amulet)
HPRegen  0.11/turn              (no ring)
MPRegen  0.09/turn              (no ring)

@: no status effects
A: cold resistance 1, negative energy resistance 3, torment resistance 2, heat
vulnerability 1, no potions
a: Renounce Religion


You were on level 3 of the Dungeon.
You worshipped Xom.
You were a very special plaything of Xom.
You visited 1 branch of the dungeon, and saw 4 of its levels.

You collected 82 gold pieces.

Inventory:

Armour
 a - a +2 leather armour (worn)
 b - a +0 pair of gloves (worn)
 f - a +2 hat (worn)
Wands
 h - a wand of flame (7)
Scrolls
 c - a scroll of enchant armour
 d - 2 scrolls of identify
 e - a scroll of noise {unknown}
 g - a scroll of teleportation
 i - a scroll of magic mapping {unknown}


   Skills:
 - Level 3.0 Fighting
 - Level 1.5 Armour
 - Level 0.7 Dodging
 * Level 4.6 Unarmed Combat


You had 3 spell levels left.
You didn't know any spells.
Your spell library contained the following spells:

 Spells                   Type           Power      Damage    Failure   Level
 Corona                   Hex            0%         N/A       41%         1
 Summon Small Mammal      Summ           0%         N/A       41%         1
 Call Imp                 Summ           0%         N/A       54%         2
 Ensorcelled Hibernation  Hex/Ice        0%         N/A       54%         2
 Call Canine Familiar     Summ           0%         N/A       78%         3
 Confusing Touch          Hex            0%         N/A       78%         3
 Dazzling Flash           Conj/Hex       0%         N/A       78%         3
 Summon Guardian Golem    Hex/Summ       0%         N/A       78%         3
 Tukima's Dance           Hex            0%         N/A       78%         3
 Summon Ice Beast         Ice/Summ       0%         N/A       99%         4
 Summon Lightning Spire   Summ/Air       0%         N/A       99%         4


Dungeon Overview and Level Annotations

Branches:
Dungeon (4/15)
 Temple: D:4-7

Altars:
Vehumet

Shops:
D:1 *

Annotations:
D:4 Edmund


Innate Abilities, Weirdness & Mutations

You are immune to poison.
Your flesh is cold resistant. (rC+)
You are immune to negative energy. (rN+++)
You are immune to unholy pain and torment.
You are vulnerable to heat. (rF-)
You do not drink.


Message History

You start resting.
HP restored.
Edmund the Younger comes into view.
He is wielding a +2 flail of venom.
Edmund shouts!
Edmund moves out of view.
Aiming: Throw Flame
Press: ? - help, Shift-Dir - straight line, f - Edmund
Aim: Edmund, wielding a +2 flail of venom and wearing a +0 ring mail (72% to hit)
The puff of flame hits Edmund!
Edmund is lightly wounded.
Xom's power touches on a nearby monster.
Edmund evaporates and reforms as a naga!
Edmund picks up a +2 flail of venom.
Edmund wields a +2 flail of venom.
It begins to drip with poison!
Okay, then.
There is a stone staircase leading up here.
You climb upwards.
There is a stone staircase leading down here.
Found 6 gold pieces.
A wight comes into view. It is wielding a +2 hand axe.
The wight hits you with a +2 hand axe!
You see here 6 gold pieces.
You now have 82 gold pieces (gained 6).
You barely miss the wight. The wight hits you with a +2 hand axe!
The wight misses you.
Found a stone staircase leading down.
The wight barely misses you.
The wight hits you from afar with a +3 halberd!
* * * LOW HITPOINT WARNING * * *
As you read the scroll labelled DILA JOLEFO, it crumbles to dust.
It is a scroll of identify.
g - a scroll of teleportation The wight hits you with a +2 hand axe.
* * * LOW HITPOINT WARNING * * *
You can't drink.
As you read the scroll labelled ZAOPRO HOIRR, it crumbles to dust.
It is a scroll of enchant armour.
Your +1 hat glows green for a moment.
The wight hits you with a +2 hand axe!
You die...
Xom chortles!

#..>......# #.........##
+........... ###.........#
...........# #.........#
############# #.....#
#.....##.@z.####.....#
#.....##z##.#..z.....#
#..)..##.##.z..#z....#
#####..bbb##.####..#.z...#
#...b.bbbb##.......#.....#
#...bbbbb#######...#.....##
#....bb#b#....b#...#......#
####.###.#.##.##...#......#
#.# #.#b##......######.#


You could see 3 wights.

Vanquished Creatures
  A jelly (D:4)
  2 adders (D:2)
  4 dart slugs
  3 bats
  4 endoplasms
  3 giant cockroaches
  4 goblins
  7 hobgoblins
  9 jackals (D:2)
  4 kobolds
  4 quokkas
  4 ball pythons
  2 frilled lizards (D:1)
  3 rats
54 creatures vanquished.

Vanquished Creatures (others)
  A dart slug (D:2)
  A jackal (D:2)
2 creatures vanquished.

Grand Total: 56 creatures vanquished

Notes
Turn   | Place    | Note
-------+----------+-------------------------------------------
     0 | D:1      | Froggeryz the Mummy Chaos Knight began the quest for the
                  | Orb.
     0 | D:1      | Reached XP level 1. HP: 18/18 MP: 1/1
    41 | D:1      | Found Muqes's Assorted Antiques.
   179 | D:1      | XOM: potion effect (invisibility)
   188 | D:1      | Reached skill level 3 in Unarmed Combat
   188 | D:1      | Reached XP level 2. HP: 24/24 MP: 2/2
   387 | D:1      | Found a faded altar of an unknown god.
   394 | D:1      | XOM is BORED!
   418 | D:1      | You fall into a shaft and drop 1 floor!
   426 | D:2      | XOM: silly message
   480 | D:2      | Reached XP level 3. HP: 17/29 MP: 3/3
  1094 | D:2      | XOM: 1-stop teleportation journey
  1135 | D:2      | Reached skill level 4 in Unarmed Combat
  1164 | D:2      | XOM: 3-stop teleportation journey
  1165 | D:2      | Noticed an ogre
  1168 | D:2      | XOM: potion effect (haste)
  1193 | D:1      | XOM: potion effect (might)
  1240 | D:2      | XOM: noise
  1445 | D:2      | Reached XP level 4. HP: 20/35 MP: 4/4
  1574 | D:2      | XOM: 4-stop teleportation journey
  1973 | D:3      | XOM: scenery: summon butterflies
  1995 | D:3      | XOM: enchant monster (good)
  2005 | D:3      | XOM: butterfly on damage
  2140 | D:4      | XOM: 1-stop teleportation journey
  2337 | D:4      | Found a radiant altar of Vehumet.
  2566 | D:4      | Noticed Edmund
  2569 | D:4      | Noticed Edmund
  2569 | D:4      | Edmund changed into Edmund the naga
  2569 | D:4      | XOM: polymorph Edmund -> Edmund the naga
  2603 | D:3      | HP: 1/35 [wight/+2 hand axe (6)]
  2604 | D:3      | Mangled by a wight

Illustrated notes

Levels and vault maps discovered:
D:1:      amcnicky_arrival_underground_garden, layout_rooms,
          ebering_ecumenical_altar_hall, serial_shops, shop, minivault_14
D:2:      layout_basic, minmay_diced_spiral
D:3:      layout_basic
D:4:      layout_layer_cave, elyvilon_altar_1, vehumet_altar_wand_db,
          uniq_edmund

Skill      XL: |  1  2  3 |
---------------+----------+-----
Unarmed Combat | 3 4 |  4.6
Fighting       | |  3.0
Armour         | |  1.5
Dodging        | |  0.7

Action                   |  1- 3 |  4- 6 || total
-------------------------+-------+-------++-------
Melee: Unarmed           |   178 |    62 ||   240
       Punch             |     5 |       ||     5
Evoke: Wand              |       |     1 ||     1
  Use: Scroll            |       |     2 ||     2
 Stab: Invisible         |     4 |       ||     4
       Sleeping          |     1 |       ||     1
       Paralysed         |       |    11 ||    11
Armor: Leather armour    |    82 |    23 ||   105
Dodge: Dodged            |   124 |    31 ||   155

Table legend: (Time is in decaauts)
 A = Elapsed time spent in this place.
 B = Non-inter-level travel time spent in this place.
 C = Inter-level travel time spent in this place.
 D = Time resting spent in this place.
 E = Time spent auto-exploring this place.
 F = Levels seen in this place.
 G = Mean time per level.
                   A        B        C        D        E       F      G
               +--------+--------+--------+--------+--------+-----+--------+
         Total |   2570 |   2513 |     57 |    501 |   1509 |   4 |  642.5 |
       Dungeon |   2570 |   2513 |     57 |    501 |   1509 |   4 |  642.5 |
               +--------+--------+--------+--------+--------+-----+--------+

Top non-repeatable levels by time:
     D:2: 1303 daAuts
     D:1: 632 daAuts
     D:4: 557 daAuts
     D:3: 77 daAuts
